 Dungeon Crawl Stone Soup version 0.30-a0-263-ge22c4ad894 (webtiles) character file.

Game seed: 5401476649734910121

346 slphil the Trooper (level 6, -3/48 HPs)
             Began as a Djinni Fire Elementalist on Oct 13, 2022.
             Was an Initiate of Ashenzari.
             Slain by a wraith (8 damage)
             ... in an ossuary on Oct 14, 2022.
             The game lasted 00:08:26 (3953 turns).

slphil the Trooper (Djinni Fire Elementalist)       Turns: 3953, Time: 00:08:27

Health: -3/48      AC:  2    Str:  7    XL:     6   Next: 90%
Gold:   295        EV: 12    Int: 19    God:    Ashenzari [......] SH:  0 Dex: 13

rFire   + + .      SeeInvis .    g - +2 dagger (elec)
rCold   x . .      Faith    .    (no shield)
rNeg    . . .      Spirit   .    a - +0 robe
rPois   ∞          Reflect  .    (no helmet)
rElec   .          Harm     .    (no cloak)
rCorr   .          Rampage  .    (no gloves)
Will    +....                    (boots unavailable)
Stlth   ++........               (no amulet)
HPRegen 0.28/turn                f - ring of willpower
MPRegen 0.00/turn                (no ring)

@: flying, hasted and slowed
A: sickness immunity, fire resistance 2, cold vulnerability 1, float, innate
caster, HP casting, extra vitality 1
a: Renounce Religion


You were in an ossuary.
You worshipped Ashenzari.
Ashenzari was noncommittal.
You visited 1 branch of the dungeon, and saw 5 of its levels.
You also visited: Ossuary.

You collected 295 gold pieces.

Inventory:

Hand Weapons
 c - a +0 dagger
 g - a +2 dagger of electrocution (weapon)
 r - a +2 dagger of protection
Missiles
 l - a throwing net
Armour
 a - a +0 robe (worn)
Jewellery
 f - a ring of willpower (left hand)
Wands
 b - a wand of iceblast (6)
Scrolls
 d - a scroll of fear
 h - a scroll of torment
 i - 2 scrolls of vulnerability
 m - a scroll of teleportation
 q - a scroll of silence {unknown}
 s - 2 scrolls of identify
 u - a scroll of magic mapping {unknown}
 v - a scroll of fog {unknown}
Potions
 e - a potion of berserk rage
 j - a potion of curing
 k - a potion of degeneration
 n - 2 potions of resistance
 o - a potion of might
 p - a potion of flight
 w - a potion of invisibility {unknown}


   Skills:
 + Level 4.4 Fighting
 - Level 2.1 Dodging
 - Level 1.5 Stealth
 + Level 4.2 Spellcasting


You couldn't memorise any spells.
You knew the following spells:

 Your Spells              Type           Power      Damage    Failure   Level
a - Foxfire               Conj/Fire      80%        2x1d8     2%          1
b - Scorch                Fire           40%        2d7       3%          2
c - Kindle Blastsparks    Fire/Tloc/Air  40%        2d13      7%          3
d - Inner Flame           Hex/Fire       20%        N/A       7%          3
e - Flame Wave            Conj/Fire      20%        2d7       24%         4
f - Shock                 Conj/Air       80%        1d8       2%          1
g - Wereblood             Tmut           20%        N/A       3%          2
Your spell library was empty.

Dungeon Overview and Level Annotations

Branches:
Dungeon (5/15)            Ossuary (1/1)
 Temple: D:4-7

Altars:
Ashenzari
Elyvilon
Fedhas
Qazlal
Ru
Yredelemnul

Shops:
D:2 :


Innate Abilities, Weirdness & Mutations

You are immune to sickness and miasma.
You are immune to poison.
Your flesh is very heat resistant. (rF++)
You are vulnerable to cold. (rC-)
You float through the air rather than walking.
You learn spells naturally, not from books.
Your magical power is your life essence.
You have superior vitality. (+4 MHP)


Message History

The wraith is severely damaged.
The foxfire hits the wraith but does no damage.
The wraith is severely damaged.
The wraith closely misses you.
Unknown command.
You conjure some foxfire!
The foxfire hits the wraith but does no damage.
The wraith is severely damaged.
The foxfire hits the wraith.
The wraith is severely damaged.
The wraith hits you. The wraith drains your vigour!
You feel yourself slow down.
Casting: Foxfire (safe; 2% risk of failure)
Confirm with . or Enter, or press ? or * to list all spells.
Flames lash the wraith but do no damage.
The foxfire hits the wraith.
The wraith is severely damaged.
The foxfire hits the wraith.
The wraith is severely damaged.
The wraith closely misses you.
Casting: Scorch (safe; 3% risk of failure)
Confirm with . or Enter, or press ? or * to list all spells.
Flames lash the wraith.
The wraith is almost destroyed.
The wraith's fire resistance burns away.
The wraith hits you!
* * * LOW HITPOINT WARNING * * *
The wraith drains your vigour!
You feel as though you will be slow longer.
The wraith hits you!
* * * LOW HITPOINT WARNING * * *
The wraith drains your vigour!
You feel as though you will be slow longer.
It was a potion of curing.
You feel better. The wraith barely misses you.
It was a potion of haste.
You feel yourself speed up.
The wraith is no longer more vulnerable to fire.
The wraith hits you.
* * * LOW HITPOINT WARNING * * *
The wraith hits you!
You die...

######################
..............@......#
..............W......#
###..###..###..####..#
.. #..#.#..#.#...'.#..#
..#+#..#'#..#'#..####..#
..#.#..#.#..#.#........#
.......................#
.......###.......####..#
#W# ...8...#
#...8....'.#..# ###


You could see a wraith.

Vanquished Creatures
  An elf zombie (Ossuary)
  3 orc wizards
  A mummy (Ossuary)
  4 gnolls (D:3)
  2 adders
  A white imp (D:4)
  3 worms
  4 dart slugs
  8 orcs
  3 bats
  10 endoplasms
  7 giant cockroaches
  6 goblins
  8 hobgoblins
  5 jackals
  7 kobolds
  6 quokkas
  6 ball pythons
  2 frilled lizards (D:2)
  4 goblin zombies (Ossuary)
  A hobgoblin zombie (Ossuary)
  3 kobold zombies (Ossuary)
  7 rats
102 creatures vanquished.

Vanquished Creatures (others)
  368 foxfires
368 creatures vanquished.

Grand Total: 470 creatures vanquished

Notes
Turn   | Place    | Note
-------+----------+-------------------------------------------
     0 | D:1      | slphil the Djinni Fire Elementalist began the quest for the
                  | Orb.
     0 | D:1      | slphil set off with the following spells memorised:
                  | Foxfire, Scorch, Kindle Blastsparks, Inner Flame, Flame
                  | Wave.
     0 | D:1      | Reached XP level 1. HP: 15/15 MP: 0/0
    77 | D:1      | Reached skill level 1 in Fighting
    77 | D:1      | Reached XP level 2. HP: 21/22 MP: 0/0
   393 | D:1      | Reached XP level 3. HP: 23/27 MP: 0/0
   393 | D:1      | Learned a level 1 spell: Shock
   966 | D:2      | Reached XP level 4. HP: 25/33 MP: 0/0
  1114 | D:2      | Found a sacrificial altar of Ru.
  1300 | D:2      | Found Zarot's Book Emporium.
  1662 | D:3      | Reached XP level 5. HP: 33/40 MP: 0/0
  1662 | D:3      | Learned a level 2 spell: Wereblood
  2700 | D:4      | Found a white marble altar of Elyvilon.
  2838 | D:4      | Reached XP level 6. HP: 43/46 MP: 0/0
  3314 | D:5      | Entered Level 5 of the Dungeon
  3343 | D:5      | Found a blossoming altar of Fedhas.
  3351 | D:5      | Found a basalt altar of Yredelemnul.
  3352 | D:5      | Found a stormy altar of Qazlal.
  3466 | D:5      | Found a broken altar of Ashenzari.
  3470 | D:5      | Became a worshipper of Ashenzari the Shackled
  3573 | D:5      | Found a sand-covered staircase.
  3581 | Ossuary  | Entered an ossuary
  3581 | Ossuary  | Noticed a wraith
  3581 | Ossuary  | Noticed a wraith
  3581 | Ossuary  | Noticed a wraith
  3905 | Ossuary  | Noticed a wraith
  3951 | Ossuary  | HP: 1/48 [wraith (8)]
  3953 | Ossuary  | Slain by a wraith

Illustrated notes

Levels and vault maps discovered:
D:1:      heliophobic_arrival_battle_scene, layout_basic, moated_statue
D:2:      layout_rooms, basic_altar, serial_shops, shop, minmay_tetromino_i4
D:3:      layout_basic
D:4:      layout_basic, mainiacjoe_overflow_alcove_4
D:5:      layout_basic, nicolae_ashenzari_skybound, minitemple, enter_ossuary_1,
          serial_rivers, chequers_serial_rivers_small_3,
          chequers_serial_rivers_micro_a, chequers_serial_rivers_marsh,
          chequers_serial_rivers_marsh, chequers_serial_rivers_large_b,
          chequers_serial_rivers_marsh
Ossuary:  ossuary_kennysheep_city_of_the_dead

Skill      XL: |  1  2  3  4  5  6 |
---------------+-------------------+-----
Fighting       | 1 2 3 4 |  4.4
Spellcasting   | 3 4 |  4.2
Dodging        | |  2.1
Stealth        | |  1.5

Action                   |  1- 3 |  4- 6 || total
-------------------------+-------+-------++-------
Melee: Dagger            |     2 |       ||     2
 Cast: Foxfire           |    48 |   161 ||   209
       Scorch            |    10 |    27 ||    37
  Use: Scroll            |       |    13 ||    13
       Potion            |       |     2 ||     2
Dodge: Dodged            |     3 |    11 ||    14

Table legend: (Time is in decaauts)
 A = Elapsed time spent in this place.
 B = Non-inter-level travel time spent in this place.
 C = Inter-level travel time spent in this place.
 D = Time resting spent in this place.
 E = Time spent auto-exploring this place.
 F = Levels seen in this place.
 G = Mean time per level.
                   A        B        C        D        E       F      G
               +--------+--------+--------+--------+--------+-----+--------+
         Total |   3955 |   3777 |    178 |    146 |   2964 |   6 |  659.2 |
       Dungeon |   3578 |   3400 |    178 |    146 |   2661 |   5 |  715.6 |
       Ossuary |    377 |    377 |      0 |      0 |    303 |   1 |  377.0 |
               +--------+--------+--------+--------+--------+-----+--------+

Top non-repeatable levels by time:
     D:3: 916 daAuts
     D:1: 899 daAuts
     D:4: 824 daAuts
     D:2: 671 daAuts
 Ossuary: 377 daAuts
     D:5: 266 daAuts
